 Dungeon Crawl Stone Soup version 0.29.1-2-gbd0b4ee654 (webtiles) character file.

Game seed: 9129964985567362299

49 Ivernyr the Insei (level 3, -5/24 HPs)
             Began as an Octopode Transmuter on Oct 29, 2022.
             Slain by a water moccasin (6 damage)
             ... on level 3 of the Dungeon.
             The game lasted 00:02:46 (2439 turns).

Ivernyr the Insei (Octopode Transmuter)             Turns: 2439, Time: 00:02:47

Health: -5/24      AC:  1    Str:  9    XL:     3   Next: 77%
Magic:  5/6        EV: 13    Int: 17    God:
Gold:   129        SH:  0    Dex: 12    Spells: 3/6 levels left

rFire   . . .      SeeInvis .     - Unarmed
rCold   . . .      Faith    .   (no shield)
rNeg    . . .      Spirit   .   (helmet currently unavailable)
rPois   .          Reflect  .   (no amulet)
rElec   .          Harm     .   (no ring)
rCorr   .          Rampage  .   (no ring)
Will    .....                   (no ring)
Stlth   ++........              (no ring)
HPRegen 0.08/turn               (no ring)
MPRegen 0.10/turn               (no ring)
                                (no ring)
                                (no ring)

@: appendages
A: tentacle spike 3, almost no armour, amphibious, 8 rings, camouflage 1,
gelatinous body 1, (nimble swimmer 1), tentacles
a: End Transformation


You were on level 3 of the Dungeon.
One of your tentacles had grown a beastly spike.
You visited 1 branch of the dungeon, and saw 3 of its levels.

You collected 129 gold pieces.

Inventory:

Scrolls
 b - a scroll of noise {unknown}
 c - a scroll of teleportation {unknown}
 f - 3 scrolls of identify {unknown}
 g - a scroll of immolation {unknown}
 k - a scroll of enchant weapon {unknown}
Potions
 a - a potion of lignification
 d - a potion of attraction {unknown}
 e - 2 potions of degeneration {unknown}
 h - a potion of curing {unknown}
 i - a potion of magic {unknown}
 j - a potion of invisibility {unknown}


   Skills:
 + Level 1.7 Fighting
 + Level 2.4 Dodging
 - Level 3.0 Unarmed Combat
 + Level 2.4 Spellcasting
 * Level 2.9 Transmutations


You had 3 spell levels left.
You knew the following spells:

 Your Spells              Type           Power      Damage    Failure   Level
a - Beastly Appendage     Tmut           24%        N/A       5%          1
b - Wereblood             Tmut           12%        N/A       9%          2

Your spell library contained the following spells:

 Spells                   Type           Power      Damage    Failure   Level
 Spider Form              Tmut/Pois      7%         N/A       30%         3
 Ice Form                 Ice/Tmut       7%         N/A       69%         4


Dungeon Overview and Level Annotations

Branches:
Dungeon (3/15)

Altars:
Dithmenos


Innate Abilities, Weirdness & Mutations

One of your tentacles has grown a beastly spike.
You cannot wear most types of armour.
You are amphibious.
You can wear up to eight rings at the same time.
Your skin changes colour to match your surroundings (Stealth+).
Your rubbery body absorbs attacks. (AC +1, EV +1)
((You are camouflaged when in or above water. (Stealth+)))
You have tentacles for arms and can constrict up to eight enemies at once.


Message History

You kill the frilled lizard!
You see here a frilled lizard corpse.
A quokka comes into view.
The quokka moves out of view.
A quokka is nearby!
The quokka completely misses you.
You completely miss the quokka. You grab the quokka. You constrict the quokka.
The quokka closely misses you.
You tentacle-slap the quokka.
The quokka is almost dead.
You constrict the quokka.
You kill the quokka!
A water moccasin comes into view.
A goblin comes into view. It is wielding a +0 club.
Casting: Beastly Appendage (safe; 5% risk of failure)
Confirm with . or Enter, or press ? or * to list all spells.
One of your tentacles grows a vicious spike.
You tentacle-slap the water moccasin but do no damage.
Your grab misses the water moccasin.
You pierce the water moccasin, but do no damage.
The water moccasin bites you! The water moccasin barely misses you.
You closely miss the water moccasin. Your grab misses the water moccasin.
You pierce the water moccasin.
Your squeeze misses the water moccasin.
The water moccasin is lightly wounded.
The water moccasin completely misses you.
You tentacle-slap the water moccasin. Your grab misses the water moccasin.
You pierce the water moccasin.
The water moccasin is moderately wounded.
The water moccasin bites you!
* * * LOW HITPOINT WARNING * * *
You closely miss the water moccasin. You grab the water moccasin.
You pierce the water moccasin.
Your squeeze misses the water moccasin.
The water moccasin is moderately wounded.
You constrict the water moccasin, but do no damage.
The water moccasin closely misses you. The water moccasin bites you.
* * * LOW HITPOINT WARNING * * *
You tentacle-slap the water moccasin.
You pierce the water moccasin.
The water moccasin is severely wounded.
You constrict the water moccasin. The water moccasin bites you.
You die...

#.........# #..
#. #....######
#ยงยง #. #....#
#. ###.## ##
#.# #.# #.#
#######.#
######
#.......#
#@S..#
#.#######
##.#..# #.#
##..#..# #.#
#####..##..#
#.#
###.....####.#
#.#
...........#..
#.#
###...#....#..#
#.#
#........#..#
#.#
#...#....#..g


You could see a water moccasin.

Vanquished Creatures
  An adder (D:2)
  A worm (D:3)
  A dart slug (D:1)
  An orc (D:3)
  4 ball pythons
  3 endoplasms
  A giant cockroach (D:1)
  3 goblins
  3 hobgoblins
  3 jackals (D:1)
  2 quokkas
  2 frilled lizards
  3 kobolds
  4 rats
32 creatures vanquished.

Notes
Turn   | Place    | Note
-------+----------+-------------------------------------------
     0 | D:1      | Ivernyr the Octopode Transmuter began the quest for the
                  | Orb.
     0 | D:1      | Reached XP level 1. HP: 13/13 MP: 3/3
   229 | D:1      | Reached XP level 2. HP: 13/18 MP: 3/5
   733 | D:1      | Learned a level 2 spell: Wereblood
  1460 | D:2      | You fall into a shaft and drop 1 floor!
  1471 | D:3      | Reached XP level 3. HP: 23/23 MP: 6/6
  1886 | D:2      | Identified the +1 dagger of Ciukh {vorpal, Str+4 Dex+2}
  2285 | D:3      | Found a faded altar of an unknown god.
  2286 | D:3      | Found a shadowy altar of Dithmenos.
  2430 | D:3      | Noticed a water moccasin
  2438 | D:3      | HP: 1/24 [water moccasin (6)]
  2439 | D:3      | Slain by a water moccasin

Illustrated notes

Levels and vault maps discovered:
D:1:      erik_arrival_blinker_ship, layout_basic, kennysheep_nondescript
D:2:      wad_pebble_path, layout_basic
D:3:      minmay_angry_zag, layout_basic, mainiacjoe_overflow_alcove_4,
          chequers_temple_overflow_statue_of_worship,
          ebering_ecumenical_altar_mist, uniq_sigmund

Action                   || total
-------------------------++-------
Melee: Unarmed           ||    77
       Tentacles         ||    12
       Kick              ||    17
       Constrict         ||    21
       Punch             ||     1
 Cast: Beastly Appendage ||     7
       Wereblood         ||     1
 Stab: Sleeping          ||     5
Armor: Skin              ||     3
Dodge: Dodged            ||    34
